 Dungeon Crawl Stone Soup version 0.32-a0-128-g77eb882913 (webtiles) character file.

Game seed: 3488077171501431833

81 cforsyth the Magician (level 4, -2/35 HPs)
             Began as a Djinni Warper on Feb 7, 2024.
             Killed from afar by a white imp (12 damage)
             ... with a puff of frost
             ... on level 3 of the Dungeon.
             The game lasted 00:05:29 (2365 turns).

cforsyth the Magician (Djinni Warper)               Turns: 2365, Time: 00:05:30

Health: -2/35      AC:  4    Str: 10    XL:     4   Next: 68%
Gold:   110        EV: 11    Int: 16    God:
                   SH:  0    Dex: 13

rFire   + + .        a - +1 short sword (drain)
rCold   x . .        (no shield)
rNeg    . . .        b - +0 leather armour
rPois   ∞            p - +0 helmet
rElec   .            (no cloak)
rCorr   .            (no gloves)
SInv    .            (boots unavailable)
Will    .....        (no amulet)
Stlth   +            (no ring)
HPRegen 0.25/turn    (no ring)
MPRegen 0.00/turn

%: infuse magic (-3 HP)
@: flying
A: sickness immunity, fire resistance 2, cold vulnerability 1, float, innate
caster, HP casting, extra vitality 1
a: no special abilities


You were on level 3 of the Dungeon.
You visited 1 branch of the dungeon, and saw 3 of its levels.

You collected 110 gold pieces.


Innate Abilities, Weirdness & Mutations

You are immune to sickness and miasma.
You are immune to poison.
Your flesh is very heat resistant. (rF++)
You are vulnerable to cold. (rC-)
You float through the air rather than walking.
You learn spells naturally, not from books.
Your magical power is your life essence.
You have superior vitality. (+4 MHP)


   Skills:
 + Level 3.5 Fighting
 - Level 1.7 Long Blades
 - Level 0.7 Throwing
 - Level 1.0 Armour
 - Level 2.1 Dodging
 + Level 3.6 Spellcasting
 + Level 3.6 Conjurations
 + Level 3.6 Hexes
 + Level 3.6 Summonings
 + Level 3.6 Necromancy
 + Level 3.6 Translocations
 + Level 3.6 Fire Magic
 + Level 3.6 Ice Magic
 + Level 3.6 Air Magic
 + Level 3.6 Earth Magic
 + Level 3.6 Alchemy


You knew the following spells:

 Your Spells              Type           Power      Damage    Failure   Level
l - Lesser Beckoning      Tloc           28%        N/A       9%          2
m - Manifold Assault      Tloc           14%        N/A       47%         4
t - Teleport Other        Tloc           14%        N/A       16%         3
z - Sandblast             Erth           28%        2d8       5%          1
B - Blink                 Tloc           28%        N/A       9%          2
X - Vhi's Electric Charg  Tloc/Air       28%        N/A       47%         4
Your spell library was empty.

Inventory:

Hand Weapons
 a - a +1 short sword of draining (weapon)
 n - a +0 falchion
Missiles
 d - 7 darts of dispersal {=f=f}
 k - 11 poisoned darts
Armour
 b - a +0 leather armour (worn)
 p - a +0 helmet (worn)
Scrolls
 c - a scroll of blinking
 f - a scroll of identify {unknown}
 l - 2 scrolls of enchant weapon {unknown}
 o - a scroll of teleportation {unknown}
 q - a scroll of enchant armour {unknown}
Potions
 e - a potion of lignification {unknown}
 g - a potion of enlightenment {unknown}
 h - a potion of resistance {unknown}
 i - a potion of haste {unknown}
 j - a potion of berserk rage {unknown}
 m - a potion of curing {unknown}
 r - a potion of attraction {unknown}

Dungeon Overview and Level Annotations

Branches:
Dungeon (3/15)

Altars:

.... ....# .....# ... ...... ....
...... #######.....######......
.................5......
......#.........@.....##
........................
[.....####......=...#### ##
.........#####▒.#▒▒▒▒▒.▒ #.▒.
.........# #.#.#▒ ▒.▒ ▒#.#..#
...†.....## #..#.#▒ ▒.▒ ▒#.#...#
#..†.............#.#▒▒.▒▒#.#....#
###.#.............#.#▒.▒#.#.....#
#.# .............#.#.#.#......#


You could see a white imp.


Message History

A white imp is nearby!
The white imp shouts, "Back with thee, thou unctious tickle-brained pustule!"
The white imp shouts, "Return whence thou came, thou craven spur-galled varlet!"
You see here a +6 ring of intelligence.
The white imp grins evilly.
The white imp gestures at you. The puff of frost hits you!
You feel a terrible chill! The white imp hits you. The white imp freezes you.
You feel a terrible chill!
You hit the white imp but do no damage. The white imp barely misses you.
You completely miss the white imp. The white imp gestures at you.
The puff of frost hits you!
You feel a terrible chill!
* * * LOW HITPOINT WARNING * * *
You are too injured to fight recklessly!
You are too injured to fight recklessly!
You are too injured to fight recklessly!
You are too injured to fight recklessly!
You are too injured to fight recklessly!
You are too injured to fight recklessly!
You are too injured to fight recklessly!
You closely miss the white imp. The white imp hits you.
* * * LOW HITPOINT WARNING * * *
The white imp freezes you.
You feel a terrible chill!
* * * LOW HITPOINT WARNING * * *
You hit the white imp but do no damage.
The white imp hits you but does no damage.
You hit the white imp but do no damage. The white imp gestures at you.
The puff of frost hits you!
You feel a terrible chill!
You die...

Skill      XL: |  1  2  3 |
---------------+----------+-----
Spellcasting   | 3 |  3.6
Conjurations   | 3 |  3.6
Hexes          | 3 |  3.6
Summonings     | 3 |  3.6
Necromancy     | 3 |  3.6
Translocations | 3 |  3.6
Fire Magic     | 3 |  3.6
Ice Magic      | 3 |  3.6
Air Magic      | 3 |  3.6
Earth Magic    | 3 |  3.6
Alchemy        | 3 |  3.6
Fighting       | 3 |  3.5
Long Blades    | |  1.7
Throwing       | |  0.7
Armour         | |  1.0
Dodging        | |  2.1

Action                     |  1- 3 |  4- 6 || total
---------------------------+-------+-------++-------
  Melee: Falchion          |    95 |       ||    95
         Punch             |     5 |       ||     5
         Short sword       |     3 |    52 ||    55
   Cast: Sandblast         |     1 |       ||     1
   Stab: Sleeping          |     3 |       ||     3
 Armour: Leather armour    |    69 |    53 ||   122
  Dodge: Dodged            |    58 |    40 ||    98

Levels and vault maps discovered:
D:1:      wander_arrival_estate, layout_loops_corners, grunt_decor_junction
D:2:      layout_loops_corners, uniq_robin
D:3:      wad_pebble_path, layout_basic, eino_tiny_chamber, uniq_ijyb

Notes
Turn   | Place    | Note
-------+----------+-------------------------------------------
     0 | D:1      | cforsyth the Djinni Warper began the quest for the Orb.
     0 | D:1      | cforsyth set off with the following spells memorised:
                  | Blink, Lesser Beckoning, Teleport Other, Manifold Assault,
                  | Vhi's Electric Charge.
     0 | D:1      | Reached XP level 1. HP: 18/18 MP: 0/0
    71 | D:1      | Reached skill level 3 in Spellcasting
    71 | D:1      | Reached skill level 3 in Conjurations
    71 | D:1      | Reached skill level 3 in Hexes
    71 | D:1      | Reached skill level 3 in Summonings
    71 | D:1      | Reached skill level 3 in Necromancy
    71 | D:1      | Reached skill level 3 in Translocations
    71 | D:1      | Reached skill level 3 in Fire Magic
    71 | D:1      | Reached skill level 3 in Ice Magic
    71 | D:1      | Reached skill level 3 in Air Magic
    71 | D:1      | Reached skill level 3 in Earth Magic
    71 | D:1      | Reached skill level 3 in Alchemy
   187 | D:1      | Reached XP level 2. HP: 17/23 MP: 0/0
   463 | D:1      | Reached XP level 3. HP: 28/29 MP: 0/0
   463 | D:1      | Learned a level 1 spell: Sandblast
  1231 | D:2      | Reached skill level 3 in Fighting
  1533 | D:2      | Reached XP level 4. HP: 32/35 MP: 0/0
  1594 | D:2      | Noticed Robin
  1738 | D:2      | Killed Robin
  2365 | D:3      | Killed from afar by a white imp

Vanquished Creatures
  Robin (D:2)
  An adder (D:2)
  2 dart slugs (D:1)
  A ribbon worm (D:2)
  3 ball pythons (D:1)
  4 bats
  5 endoplasms
  A giant cockroach (D:3)
  15 goblins
  7 hobgoblins
  2 kobolds
  2 quokkas
  5 rats
49 creatures vanquished.

Table legend: (Time is in decaauts)
 A = Elapsed time spent in this place.
 B = Non-inter-level travel time spent in this place.
 C = Inter-level travel time spent in this place.
 D = Time resting spent in this place.
 E = Time spent auto-exploring this place.
 F = Levels seen in this place.
 G = Mean time per level.
                   A        B        C        D        E       F      G
               +--------+--------+--------+--------+--------+-----+--------+
         Total |   2386 |   2323 |     63 |    232 |   1670 |   3 |  795.3 |
       Dungeon |   2386 |   2323 |     63 |    232 |   1670 |   3 |  795.3 |
               +--------+--------+--------+--------+--------+-----+--------+

Top non-repeatable levels by time:
     D:2: 1176 daAuts
     D:1: 1111 daAuts
     D:3: 98 daAuts

Table legend:
 A = Non-vault XP
 B = Vault XP
 C = Vault XP percentage of total XP
 D = Non-vault monster count
 E = Vault monster count
 F = Vault count percentage of total count
                 A         B        C        D         E       F
            +---------+---------+-------+---------+---------+-------
      Total |      88 |      29 |  24.8 |      41 |       8 |  16.3
            +---------+---------+-------+---------+---------+-------
        D:1 |      39 |       4 |   9.3 |      20 |       2 |   9.1
        D:2 |      37 |      25 |  40.3 |      14 |       6 |  30.0
        D:3 |      12 |       0 |   0.0 |       7 |       0 |   0.0
            +---------+---------+-------+---------+---------+-------
